 Dungeon Crawl Stone Soup version 0.28-a0-479-g5baa6b73be (webtiles) character file.

Game seed: 5376240409258785090

129 speeev33 the Skirmisher (level 5, -1/47 HPs)
             Began as a Hill Orc Fighter on Sept 19, 2021.
             Slain by a jelly (3 damage)
             ... on level 4 of the Dungeon.
             The game lasted 00:03:16 (3357 turns).

speeev33 the Skirmisher (Hill Orc Fighter)          Turns: 3357, Time: 00:03:17

Health: -1/47      AC:  0    Str: 20    XL:     5   Next: 12%
Magic:  5/5        EV:  9    Int:  8    God:
Gold:   143        SH:  4    Dex: 10    Spells: 4/4 levels left

rFire   . . .      SeeInvis .   a - +0 war axe
rCold   . . .      Faith    .   c - +0 buckler
rNeg    . . .      Spirit   .   b - +0 scale mail
rPois   .          Reflect  .   (no helmet)
rElec   .          Harm     .   f - scarf {repulsion}
rCorr   .          Rampage  .   e - +0 pair of gloves
Will    .....                   (no boots)
Stlth   ..........              (no amulet)
HPRegen 0.15/turn               (no ring)
MPRegen 0.09/turn               (no ring)

@: corroded, repel missiles
A: no striking features
a: no special abilities


You were on level 4 of the Dungeon.
You visited 1 branch of the dungeon, and saw 4 of its levels.

You collected 143 gold pieces.

Inventory:

Hand Weapons
 a - a +0 war axe (weapon)
Armour
 b - a +0 scale mail (worn)
 c - a +0 buckler (worn)
 e - a +0 pair of gloves (worn)
 f - a scarf of repulsion (worn)
Scrolls
 i - a scroll of amnesia
Potions
 d - a potion of might
 g - a potion of attraction {unknown}
 h - a potion of invisibility {unknown}
 j - a potion of ambrosia {unknown}
 k - a potion of degeneration {unknown}
 l - a potion of magic {unknown}


   Skills:
 + Level 4.6 Fighting
 + Level 4.1 Axes
 + Level 4.3 Armour
 - Level 4.0 Shields


You had 4 spell levels left.
You didn't know any spells.
Your spell library contained the following spells:

 Spells                   Type           Power      Damage    Failure   Level
 Ensorcelled Hibernation  Hex/Ice        0%         N/A       87%         2
 Spider Form              Tmut/Pois      0%         N/A       98%         3


Dungeon Overview and Level Annotations

Branches:
Dungeon (4/15)
 Temple: D:4-7

Altars:
Ashenzari
Cheibriados
Gozag
Kikubaaqudgha
Makhleb
Zin


Message History

a +0 vorpal hand axe; a +0 leather armour; an orc corpse You start resting.
HP restored.
There is a stone staircase leading down here.
There is an escape hatch in the floor here.
There is a stone staircase leading down here.
You climb downwards.
There is a stone staircase leading up here.
A jelly and a skeleton come into view.
Found a Young Poisoner's Handbook.
The jelly quivers.
The adder skeleton bites you but does no damage.
You hit the adder skeleton.
The adder skeleton is moderately damaged.
The adder skeleton misses you.
You slash the adder skeleton!
You destroy the adder skeleton!
You hit the jelly. The acid corrodes you!
Your hands burn!
The jelly is moderately wounded.
The jelly hits you but does no damage. The jelly hits you.
You are splashed with acid.
You barely miss the jelly.
The jelly is moderately wounded.
The jelly hits you but does no damage.
You hit the jelly but do no damage.
Your hands burn!
The jelly is moderately wounded.
The jelly hits you.
You are splashed with acid!
You are too injured to fight recklessly!
You are too injured to fight recklessly!
You are too injured to fight recklessly!
You hit the jelly.
Your hands burn!
The jelly is heavily wounded.
The jelly completely misses you. The jelly hits you. The acid corrodes you!
You are splashed with acid!
* * * LOW HITPOINT WARNING * * *
You hit the jelly.
Your hands burn!
* * * LOW HITPOINT WARNING * * *
The jelly is severely wounded.
The jelly hits you.
You die...

...... ...:
.... ... ## #..
... ##### #.#
.... ...# #J#
....
..#####.###@#
.#.#.
............#
.....
#######.#####
##.#.
#.###.#######..
#.
#..............
#
#.###.........#
#....########
#...........#
####<######.#


You could see a jelly.

Vanquished Creatures
  An orc wizard (D:3)
  3 adders (D:2)
  An adder skeleton (D:4)
  A worm (D:2)
  7 orcs
  5 endoplasms
  2 giant cockroaches (D:3)
  6 goblins
  6 hobgoblins
  2 jackals (D:3)
  3 kobolds
  3 quokkas
  12 ball pythons
  7 bats
  2 frilled lizards
  A rat (D:3)
62 creatures vanquished.

Notes
Turn   | Place    | Note
-------+----------+-------------------------------------------
     0 | D:1      | speeev33 the Hill Orc Fighter began the quest for the Orb.
     0 | D:1      | Reached XP level 1. HP: 19/19 MP: 1/1
   219 | D:1      | Reached XP level 2. HP: 25/27 MP: 2/2
  1002 | D:2      | Reached XP level 3. HP: 33/33 MP: 3/3
  1497 | D:2      | Reached XP level 4. HP: 17/40 MP: 4/4
  1813 | D:2      | Found a broken altar of Ashenzari.
  2360 | D:3      | Found a burning altar of Makhleb.
  2362 | D:3      | Found an ancient bone altar of Kikubaaqudgha.
  2362 | D:3      | Found a snail-covered altar of Cheibriados.
  2363 | D:3      | Found a glowing silver altar of Zin.
  2365 | D:3      | Found an opulent altar of Gozag.
  2712 | D:3      | Reached XP level 5. HP: 28/47 MP: 5/5
  3357 | D:4      | HP: 2/47 [acid (5)]
  3357 | D:4      | Slain by a jelly

Illustrated notes

Levels and vault maps discovered:
D:1:      wander_arrival_lonely_grave, layout_basic
D:2:      layout_basic, basic_altar, roderic_serpentine_path, minivault_26,
          guppyfry_early_orc_mine
D:3:      layout_loops_ring, minitemple, nrook_loot_triangle, patterned_corridor
D:4:      layout_basic

Skill      XL: |  1  2  3  4 |
---------------+-------------+-----
Axes           | 3 4 |  4.1
Fighting       | 4 |  4.6
Armour         | 4 |  4.3
Shields        | 4 |  4.0

Action                   |  1- 3 |  4- 6 || total
-------------------------+-------+-------++-------
Melee: War axe           |   102 |    91 ||   193
  Use: Scroll            |     3 |       ||     3
Armor: Scale mail        |    46 |    51 ||    97
Dodge: Dodged            |    58 |    38 ||    96
Block: Buckler           |    22 |    16 ||    38

Table legend: (Time is in decaauts)
 A = Elapsed time spent in this place.
 B = Non-inter-level travel time spent in this place.
 C = Inter-level travel time spent in this place.
 D = Time resting spent in this place.
 E = Time spent auto-exploring this place.
 F = Levels seen in this place.
 G = Mean time per level.
                   A        B        C        D        E       F      G
               +--------+--------+--------+--------+--------+-----+--------+
         Total |   3423 |   3164 |    259 |    436 |   2198 |   4 |  855.8 |
       Dungeon |   3423 |   3164 |    259 |    436 |   2198 |   4 |  855.8 |
               +--------+--------+--------+--------+--------+-----+--------+

Top non-repeatable levels by time:
     D:2: 1171 daAuts
     D:3: 1170 daAuts
     D:1: 1042 daAuts
     D:4: 37 daAuts
